 Dungeon Crawl Stone Soup version 0.27-a0-1196-g3e9cee4cb2 (webtiles) character file.

Game seed: 10426896164718699791

9 Kold the Skirmisher (level 2, 20/24 HPs)
             Began as a Demonspawn Monk on May 28, 2021.
             Quit the game on level 1 of the Dungeon.
             The game lasted 00:00:17 (378 turns).

Kold the Skirmisher (Demonspawn Monk)                Turns: 378, Time: 00:00:18

Health: 20/24      AC:  4    Str: 11    XL:     2   Next: 3%
Magic:  2/2        EV: 13    Int: 11    God:
Gold:   0          SH:  0    Dex: 15    Spells: 1/1 levels left

rFire    . . .     SeeInvis .     - Unarmed
rCold    . . .     Faith    .   (no shield)
rNeg     . . .     Spirit   .   a - +0 robe
rPois    .         Reflect  .   (no helmet)
rElec    .         Harm     .   (no cloak)
rCorr    .         Rampage  .   (no gloves)
Will     .....                  (no boots)
Stlth    ++........             (no amulet)
HPRegen  0.08/turn              (no ring)
MPRegen  0.08/turn              (no ring)

@: no status effects
A: molten scales 1
a: no special abilities


You were on level 1 of the Dungeon.
You visited 1 branch of the dungeon, and saw 1 of its levels.

Inventory:

Armour
 a - a +0 robe (worn)


   Skills:
 + Level 3.1 Fighting
 + Level 2.8 Dodging
 + Level 2.0 Stealth
 + Level 2.8 Unarmed Combat


You had one spell level left.
You didn't know any spells.
Your spell library was empty.

Dungeon Overview and Level Annotations

Branches:
Dungeon (1/15)

Altars:

Shops:
D:1 (


Innate Abilities, Weirdness & Mutations

You are partially covered in molten scales. (AC +2)


Message History

The quokka is heavily wounded.
The quokka misses you.
You hit the quokka.
You kill the quokka!
Your Stealth skill increases to level 2!
You start resting.
HP restored.
Things that are here:
a +0 club; 2 stones; a kobold corpse An endoplasm comes into view.
The endoplasm quivers.
Found Uwe Xuvu's Weapon Shoppe.
You hit the endoplasm.
The endoplasm is lightly wounded.
You hit the endoplasm.
The endoplasm is severely wounded.
The endoplasm hits you.
You hit the endoplasm.
You kill the endoplasm!
No target in view!
A ball python comes into view.
The ball python hisses angrily.
A ball python is nearby!
You hit the ball python.
You kill the ball python!
No target in view!
No target in view!
A goblin comes into view. It is wielding a +0 club.
The goblin shouts!
A goblin comes into view. It is wielding a +2 dagger of draining.
You see here a ball python corpse.
The goblin shouts!
The goblin closely misses you.
You closely miss the goblin. The goblin hits you with a +0 club.
You hit the goblin.
You kill the goblin!
You have reached level 2!
Your demonic ancestry asserts itself...
Molten scales grow over part of your body.
Are you sure you want to abandon this character and quit the game? (Confirm with "yes".)

.. #####.# #.#
...#.# #.# #.....
..## #..#.# #..#
#.g#.# #..#
#.@#.######..#
##..#.........###
#⌠.⌠†...........####
#.∩.#..######.#..)..
#⌠.⌠..........#.....
#..#.########.##.###
##.#.# #.......
#.#.# #....... #.#.#
#......#


You could see a goblin.

Vanquished Creatures
  2 ball pythons (D:1)
  An endoplasm (D:1)
  A goblin (D:1)
  A kobold (D:1)
  A quokka (D:1)
  2 rats (D:1)
8 creatures vanquished.

Notes
Turn   | Place    | Note
-------+----------+-------------------------------------------
     0 | D:1      | Kold the Demonspawn Monk began the quest for the Orb.
     0 | D:1      | Reached XP level 1. HP: 18/18 MP: 1/1
   364 | D:1      | Found Uwe Xuvu's Weapon Shoppe.
   378 | D:1      | Gained mutation: You are partially covered in molten
                  | scales. (AC +2) [demonic ancestry]
   378 | D:1      | Reached XP level 2. HP: 20/24 MP: 2/2
   378 | D:1      | Quit the game

Illustrated notes

Levels and vault maps discovered:
D:1:      sevenhm_arrival_forest_fort_small_4, layout_loops_ring, serial_shops,
          shop_fountains, shop, nicolae_shop_waterfront, shop_coins,
          nicolae_shop_statue_plus, ebering_ecumenical_altar_webs

Skill      XL: |  1 |
---------------+----+-----
Stealth        | 2 |  2.0
Fighting       | |  3.1
Dodging        | |  2.8
Unarmed Combat | |  2.8

Action                   || total
-------------------------++-------
Melee: Unarmed           ||    25
Armor: Robe              ||     3
Dodge: Dodged            ||     9

Table legend: (Time is in decaauts)
 A = Elapsed time spent in this place.
 B = Non-inter-level travel time spent in this place.
 C = Inter-level travel time spent in this place.
 D = Time resting spent in this place.
 E = Time spent auto-exploring this place.
 F = Levels seen in this place.
 G = Mean time per level.
                   A        B        C        D        E       F      G
               +--------+--------+--------+--------+--------+-----+--------+
         Total |    376 |    376 |      0 |    268 |     62 |   1 |  376.0 |
       Dungeon |    376 |    376 |      0 |    268 |     62 |   1 |  376.0 |
               +--------+--------+--------+--------+--------+-----+--------+

Top non-repeatable levels by time:
     D:1: 376 daAuts
